 Dungeon Crawl Stone Soup version 0.27-a0-1196-g3e9cee4cb2 (webtiles) character file.

Game seed: 1717881640114181933

81 siradein the Chucker (level 4, -1/33 HPs)
             Began as a Demonspawn Hunter on May 28, 2021.
             Slain by a scorpion (4 damage)
             ... on level 2 of the Dungeon.
             The game lasted 00:04:08 (1934 turns).

siradein the Chucker (Demonspawn Hunter)            Turns: 1934, Time: 00:04:09

Health: -1/33      AC:  5    Str: 13    XL:     4   Next: 19%
Magic:  4/4        EV: 11    Int: 13    God:
Gold:   45         SH:  0    Dex: 13    Spells: 3/3 levels left

rFire    . . .     SeeInvis .   a - +0 short sword
rCold    . . .     Faith    .   (no shield)
rNeg     . . .     Spirit   .   j - +0 ring mail
rPois    .         Reflect  .   (no helmet)
rElec    .         Harm     .   (no cloak)
rCorr    .         Rampage  .   (no gloves)
Will     .....                  (no boots)
Stlth    +.........             (no amulet)
HPRegen  0.11/turn              (no ring)
MPRegen  0.09/turn              (no ring)

@: lethally poisoned (-1 -> -5)
A: demonic guardian 1, powered by pain 1, sturdy frame 1
a: no special abilities


You were on level 2 of the Dungeon.
You visited 1 branch of the dungeon, and saw 2 of its levels.

You collected 45 gold pieces.

Inventory:

Hand Weapons
 a - a +0 short sword (weapon)
 g - a +0 hunting sling
Missiles
 c - 8 javelins (quivered)
 d - 2 throwing nets
 f - 6 curare-tipped darts
 i - 66 stones
 k - 25 poisoned darts
Armour
 j - a +0 ring mail (worn)
Jewellery
 b - an amulet of regeneration
Scrolls
 e - 3 scrolls of identify {unknown}
 p - a scroll of torment {unknown}
Potions
 h - 2 potions of curing {unknown}
 l - 2 potions of haste {unknown}
 m - a potion of heal wounds {unknown}
 n - a potion of might {unknown}
 o - a potion of mutation {unknown}
 q - a potion of invisibility {unknown}
 r - a potion of cancellation {unknown}


   Skills:
 - Level 2.0 Fighting
 + Level 2.3 Short Blades
 + Level 4.4 Throwing
 - Level 1.7 Dodging
 - Level 0.8 Stealth


You had 3 spell levels left.
You didn't know any spells.
Your spell library contained the following spells:

 Spells                   Type           Power      Damage    Failure   Level
 Foxfire                  Conj/Fire      0%         2x1d4     41%         1
 Conjure Flame            Conj/Fire      0%         6-21      80%         3
 Inner Flame              Hex/Fire       0%         N/A       80%         3
 Sticky Flame             Conj/Fire      0%         2d3       99%         4
 Fireball                 Conj/Fire      0%         3d3       100%        5


Dungeon Overview and Level Annotations

Branches:
Dungeon (2/15)

Altars:


Innate Abilities, Weirdness & Mutations

A weak demonic guardian rushes to your aid.
You sometimes gain a little power by taking damage.
Your movements are slightly less encumbered by armour. (ER -2)


Message History

You shoot a stone.
The stone hits the scorpion but does no damage.
The scorpion is moderately wounded.
The scorpion stings you but does no damage.
You shoot a stone. The stone hits the scorpion.
The scorpion is moderately wounded.
The scorpion stings you.
a - a +0 short sword (weapon)
The scorpion stings you but does no damage.
You hit the scorpion.
The scorpion is heavily wounded.
The scorpion barely misses you.
You hit the scorpion.
The scorpion is heavily wounded.
The scorpion stings you but does no damage.
You hit the scorpion.
The scorpion is severely wounded.
The scorpion stings you. The scorpion barely misses you.
You closely miss the scorpion.
The scorpion is severely wounded.
The scorpion stings you.
You are poisoned.
The scorpion poisons you!
You hit the scorpion.
The scorpion is severely wounded.
You feel very sick. The scorpion barely misses you.
You feel very sick.
You feel sick.
You feel sick. The scorpion stings you.
There is an open door here.
You hit the scorpion but do no damage.
The scorpion is severely wounded.
You feel sick. The scorpion stings you!
* * * LOW HITPOINT WARNING * * *
A demonic guardian appears!
You hit the scorpion but do no damage.
The scorpion is severely wounded.
The scorpion stings you.
You die...

##.#.#....###..# ##......##..#
...#...........# ##......##.#
.#......♣.....## (##......###
####....PP..#..# #(.##......##
####.#)♣♣♣÷..#.# ###...###......#
.......♣♣P.....###.(.###......#+#
....P.♣.♣.P....#...###......###
...P.P.♣♣P.###.#s###......###
#.P♣♣♣♣P♣P...#.#@#......###
#..PP.....##...#......###
....P.P.######..5...###
##########.....#..###
....♣♣♣♣♣......##########
###.♣..♣♣#..............## #
#......................# #
##♣♣.♣♣................# ###
♣♣♣♣♣#####.)8.....8..#


You could see a scorpion (ally target) and a friendly quasit (summoned).

Vanquished Creatures
  Jessica (D:2)
  An adder (D:2)
  A dart slug (D:2)
  10 bats
  4 endoplasms
  2 giant cockroaches
  2 goblins
  3 hobgoblins
  4 jackals (D:2)
  2 kobolds (D:2)
  3 quokkas
  2 ball pythons (D:1)
  4 rats
39 creatures vanquished.

Notes
Turn   | Place    | Note
-------+----------+-------------------------------------------
     0 | D:1      | siradein the Demonspawn Hunter began the quest for the Orb.
     0 | D:1      | Reached XP level 1. HP: 16/16 MP: 1/1
   250 | D:1      | Reached skill level 1 in Short Blades
   250 | D:1      | Gained mutation: Your movements are slightly less
                  | encumbered by armour. (ER -2) [demonic ancestry]
   250 | D:1      | Reached XP level 2. HP: 21/22 MP: 2/2
   826 | D:2      | Reached skill level 4 in Throwing
  1044 | D:2      | Gained mutation: You sometimes gain a little power by
                  | taking damage. [demonic ancestry]
  1044 | D:2      | Reached XP level 3. HP: 27/27 MP: 3/3
  1624 | D:2      | Noticed Jessica
  1633 | D:2      | Killed Jessica
  1634 | D:2      | Gained mutation: A weak demonic guardian rushes to your
                  | aid. [demonic ancestry]
  1634 | D:2      | Reached XP level 4. HP: 15/33 MP: 4/4
  1918 | D:2      | Noticed a scorpion
  1934 | D:2      | Slain by a scorpion

Illustrated notes

Levels and vault maps discovered:
D:1:      nzn_arrival_crosshair, layout_loops_ring, nrook_campfire
D:2:      minmay_razor_zed, layout_rooms, serial_forest,
          infiniplex_forest_clump_small, infiniplex_forest_straight_4,
          infiniplex_forest_clump_cross, infiniplex_forest_lined_corner,
          infiniplex_forest_join, infiniplex_forest_end_double,
          infiniplex_forest_straight_1, infiniplex_forest_3_way,
          infiniplex_forest_clump_curved, infiniplex_forest_lined_4_way,
          minmay_crystal_room, st_stairs_1, uniq_jessica

Skill      XL: |  1  2  3 |
---------------+----------+-----
Short Blades   | 1 2 |  2.3
Throwing       | 4 |  4.4
Fighting       | |  2.0
Dodging        | |  1.7
Stealth        | |  0.8

Action                   |  1- 3 |  4- 6 || total
-------------------------+-------+-------++-------
Melee: Short sword       |    41 |     7 ||    48
 Fire: Hunting sling     |   116 |     7 ||   123
 Stab: Sleeping          |     3 |       ||     3
Armor: Leather armour    |     9 |       ||     9
       Ring mail         |    30 |     3 ||    33
Dodge: Dodged            |    83 |     3 ||    86

Table legend: (Time is in decaauts)
 A = Elapsed time spent in this place.
 B = Non-inter-level travel time spent in this place.
 C = Inter-level travel time spent in this place.
 D = Time resting spent in this place.
 E = Time spent auto-exploring this place.
 F = Levels seen in this place.
 G = Mean time per level.
                   A        B        C        D        E       F      G
               +--------+--------+--------+--------+--------+-----+--------+
         Total |   1943 |   1934 |      9 |      0 |   1603 |   2 |  971.5 |
       Dungeon |   1943 |   1934 |      9 |      0 |   1603 |   2 |  971.5 |
               +--------+--------+--------+--------+--------+-----+--------+

Top non-repeatable levels by time:
     D:2: 1156 daAuts
     D:1: 786 daAuts
